 Dungeon Sprint DCSS version 0.27-a0-277-g024f7ef292 (webtiles) character file.

Game seed: 14225504951383914030

14152 mhtbhm the Severer (level 11, -7/145 (166) HPs)
             Began as a Minotaur Fighter on Feb 6, 2021.
             Was the Champion of Trog.
             Killed from afar by a Tzitzimitl (36 damage)
             ... with a bolt of negative energy
             ... summoned by Ereshkigal
             ... in the Dungeon (Sprint VII: "The Pits").
             The game lasted 00:05:45 (3144 turns).

mhtbhm the Severer (Minotaur Fighter)               Turns: 3144, Time: 00:05:45

HP:   -7/145 (166)  AC: 21    Str: 25    XL:     11   Next: 85%
MP:   10/10         EV: 14    Int:  7    God:    Trog [******]
Gold: 0             SH: 15    Dex: 12    Spells: 10/10 levels left

rFire    . . .     SeeInvis .   a - +1 broad axe of Ikaazita {venom, Will+ Int+2}
rCold    . . .     Faith    .   c - +0 kite shield
rNeg     . . .     Spirit   .   b - +4 chain mail
rPois    .         Reflect  .   (helmet restricted)
rElec    .         Harm     .   (no cloak)
rCorr    .         Rampage  .   r - +0 pair of gloves
Will     +++..     NoTele   +   q - +0 pair of boots
Stlth    ..........             (no amulet)
HPRegen  1.34/turn              n - +3 ring of dexterity
MPRegen  0.12/turn              o - +3 ring of evasion

@: mighty, berserking (expiring), regenerating, hasted, heavily drained, very
quick
A: retaliatory headbutt, horns 2
a: Renounce Religion, Berserk, Trog's Hand, Brothers in Arms


You were in the Dungeon.
You worshipped Trog.
Trog was exalted by your worship.
You visited 1 branch

Inventory:

Hand Weapons
 a - the +1 broad axe of Ikaazita (weapon) {venom, Will+ Int+2}
   (You found it in the Dungeon)

   It poisons the flesh of those it strikes.
   It affects your intelligence (+2).
   It affects your willpower, your defense against some magical effects.
Armour
 b - a +4 chain mail (worn)
 c - a +0 kite shield (worn)
 q - a +0 pair of boots (worn)
 r - a +0 pair of gloves (worn)
Jewellery
 n - a +3 ring of dexterity (left hand)
 o - a +3 ring of evasion (right hand)
Scrolls
 j - a scroll of blinking
 l - 3 scrolls of remove curse
 m - a scroll of summoning
Potions
 d - a potion of might
 e - 8 potions of curing
 f - 4 potions of heal wounds
 g - 2 potions of haste
 h - 4 potions of magic
 i - 3 potions of berserk rage
 k - 2 potions of invisibility
 p - 4 potions of mutation


   Skills:
 + Level 14.4 Fighting
 + Level 19.8 Axes
 + Level 17.1 Armour
 + Level 5.7 Dodging
 + Level 1.4 Stealth
 + Level 16.4 Shields


You had 10 spell levels left.
You didn't know any spells.
Your spell library was empty.

Dungeon Overview and Level Annotations

Branches:
Dungeon (1/1)

Altars:
Cheibriados
Dithmenos
Elyvilon
Fedhas
Gozag
Hepliaklqana
Makhleb
Nemelex Xobeh
Okawaru
Qazlal
Ru
Sif Muna
Trog
Vehumet
Wu Jian
Xom
Yredelemnul
Zin
The Shining One
Beogh
Jiyva
Lugonu

Annotations:
D Ereshkigal


Innate Abilities, Weirdness & Mutations

You reflexively headbutt those who attack you in melee.
You have a pair of horns on your head.


Message History

Ereshkigal is lightly wounded.
You slash the Tzitzimitl! The Tzitzimitl completely misses you.
You furiously retaliate!
You headbutt the Tzitzimitl.
The Tzitzimitl bites you but does no damage.
Ereshkigal shouts, "Slither home, thou feeble weather-bitten cud-chewer!"
Ereshkigal hits you but does no damage.
You closely miss Ereshkigal. Your headbutt misses Ereshkigal.
Ereshkigal is lightly wounded.
You slash the Tzitzimitl!
The Tzitzimitl looks as sick as possible!
The Tzitzimitl gestures at you.
The bolt of negative energy hits Ereshkigal.
Ereshkigal completely resists.
The bolt of negative energy misses you.
The bolt of negative energy misses the Tzitzimitl.
You miss Ereshkigal. Your headbutt misses Ereshkigal.
Ereshkigal is lightly wounded.
You barely miss the Tzitzimitl. Ereshkigal barely misses you.
The Tzitzimitl gestures at you. The bolt of negative energy hits you!!!
You feel drained.
You die...

#+# #1# #&# #@#
#1# #.# #)# #)#
#)# #.# #'#
################'#


You could see Ereshkigal and 2 Tzitzimimeh.

Vanquished Creatures
  A golden dragon (D)
  A Brimstone Fiend (D)
  A deep elf blademaster (D)
  A merfolk impaler (D)
  A yaktaur captain (D)
  A catoblepas (D)
  A hydra (D)
  A death yak (D)
  A sixfirhy (D)
  An orc knight (D)
  A cyclops (D)
  A komodo dragon (D)
  A jumping spider (D)
  4 merfolk (D)
  A redback (D)
  A wyvern (D)
  A fire elemental (D)
  Menkaure (D)
  A warg (D)
  A water moccasin (D)
  A floating eye (D)
  A quasit (D)
  A jelly (D)
  An orc priest (D)
  Jessica (D)
  An iguana (D)
  An orc wizard (D)
  2 worker ants (D)
  A gnoll (D)
  An adder (D)
  An ooze (D)
  A leopard gecko (D)
  2 orcs (D)
  A bat (D)
  A giant cockroach (D)
  2 hobgoblins (D)
  A quokka (D)
  3 frilled lizards (D)
  A rat (D)
47 creatures vanquished.

Notes
Turn   | Place    | Note
-------+----------+-------------------------------------------
     0 | D        | mhtbhm the Minotaur Fighter began the quest for the Orb.
     0 | D        | Reached XP level 1. HP: 19/19 MP: 0/0
    68 | D        | Found a bloodstained altar of Trog.
    68 | D        | Found a shimmering blue altar of Sif Muna.
    68 | D        | Found a viscous altar of Jiyva.
    68 | D        | Found a hazy altar of Hepliaklqana.
    68 | D        | Found an opulent altar of Gozag.
    69 | D        | Found a glowing golden altar of the Shining One.
    69 | D        | Found a glowing silver altar of Zin.
    69 | D        | Found a basalt altar of Yredelemnul.
    69 | D        | Found a shimmering altar of Xom.
    69 | D        | Found an ornate altar of the Wu Jian Council.
    69 | D        | Found a sacrificial altar of Ru.
    69 | D        | Found a stormy altar of Qazlal.
    69 | D        | Found an iron altar of Okawaru.
    69 | D        | Found a sparkling altar of Nemelex Xobeh.
    69 | D        | Found a burning altar of Makhleb.
    69 | D        | Found a blossoming altar of Fedhas.
    69 | D        | Found a white marble altar of Elyvilon.
    69 | D        | Found a shadowy altar of Dithmenos.
    69 | D        | Found a snail-covered altar of Cheibriados.
    71 | D        | Found a radiant altar of Vehumet.
    71 | D        | Found a corrupted altar of Lugonu.
    71 | D        | Found a roughly hewn altar of Beogh.
    73 | D        | Became a worshipper of Trog the Wrathful
   120 | D        | Reached * piety under Trog
   130 | D        | Reached skill level 5 in Armour
   130 | D        | Reached XP level 2. HP: 14/28 MP: 1/1
   392 | D        | Reached skill level 3 in Axes
   394 | D        | Reached ** piety under Trog
   402 | D        | Reached skill level 5 in Fighting
   402 | D        | Reached skill level 5 in Shields
   402 | D        | Reached XP level 3. HP: 18/36 MP: 2/2
   723 | D        | Noticed a floating eye
   726 | D        | Killed a floating eye
   727 | D        | Reached skill level 5 in Axes
   727 | D        | Reached skill level 1 in Dodging
   727 | D        | Reached XP level 4. HP: 45/45 MP: 3/3
   727 | D        | Reached XP level 5. HP: 51/51 MP: 4/4
   729 | D        | Reached *** piety under Trog
   733 | D        | Reached skill level 6 in Axes
   734 | D        | Reached **** piety under Trog
   744 | D        | Reached XP level 6. HP: 46/61 MP: 5/5
   752 | D        | Reached skill level 7 in Axes
   886 | D        | Noticed Jessica
   891 | D        | Killed Jessica
   891 | D        | Reached ***** piety under Trog
   994 | D        | Noticed an orc knight
  1009 | D        | Killed an orc knight
  1010 | D        | Reached skill level 9 in Axes
  1010 | D        | Reached skill level 10 in Shields
  1010 | D        | Reached XP level 7. HP: 30/70 MP: 6/6
  1236 | D        | Noticed Menkaure
  1240 | D        | Killed Menkaure
  1241 | D        | Reached skill level 10 in Axes
  1243 | D        | Received a gift from Trog
  1438 | D        | Got the +1 broad axe of Ikaazita {venom, Will+ Int+2}
  1537 | D        | Noticed a redback
  1538 | D        | Noticed a wyvern
  1542 | D        | Killed a redback
  1543 | D        | Reached skill level 11 in Axes
  1543 | D        | Reached XP level 8. HP: 78/78 MP: 7/7
  1557 | D        | Noticed a jumping spider
  1557 | D        | Noticed a catoblepas
  1564 | D        | Killed a jumping spider
  1565 | D        | Reached skill level 10 in Fighting
  1576 | D        | Killed a catoblepas
  1576 | D        | Reached ****** piety under Trog
  1577 | D        | Reached skill level 13 in Axes
  1577 | D        | Reached XP level 9. HP: 76/86 MP: 8/8
  1780 | D        | Noticed a four-headed hydra
  1780 | D        | Noticed a sixfirhy
  1785 | D        | Killed a sixfirhy
  1786 | D        | Reached skill level 14 in Axes
  1791 | D        | Killed a ten-headed hydra
  1791 | D        | Received a gift from Trog
  1955 | D        | Noticed a death yak
  1964 | D        | Killed a death yak
  1965 | D        | Reached skill level 15 in Axes
  1965 | D        | Reached XP level 10. HP: 89/97 MP: 9/9
  2003 | D        | Noticed a cyclops
  2003 | D        | Noticed a merfolk impaler
  2007 | D        | Killed a cyclops
  2017 | D        | Killed a merfolk impaler
  2018 | D        | Reached skill level 16 in Axes
  2022 | D        | Reached skill level 5 in Dodging
  2026 | D        | Reached skill level 15 in Armour
  2324 | D        | Noticed a Brimstone Fiend
  2333 | D        | Killed a Brimstone Fiend
  2334 | D        | Reached skill level 18 in Axes
  2334 | D        | Reached skill level 1 in Stealth
  2334 | D        | Reached skill level 15 in Shields
  2334 | D        | Reached XP level 11. HP: 31/107 MP: 10/10
  2638 | D        | Noticed a yaktaur captain
  2645 | D        | Killed a yaktaur captain
  2645 | D        | Received a gift from Trog
  2731 | D        | Noticed a deep elf blademaster
  2754 | D        | Killed a deep elf blademaster
  2755 | D        | Reached skill level 19 in Axes
  3006 | D        | Noticed a golden dragon
  3019 | D        | Killed a golden dragon
  3118 | D        | Noticed Ereshkigal
  3124 | D        | Noticed a Tzitzimitl
  3134 | D        | Noticed a Tzitzimitl
  3144 | D        | Killed from afar by a Tzitzimitl

Illustrated notes

Levels and vault maps discovered:
D:        pitsprint [storerooms_1, entrance_room_1, metal_vault_2, armoury_3,
          mini_pit_1, grid_room_1, main_hall_1, silver_pit, the_coven_1,
          the_vestibule_1, steel_vault_3, golden_pit, hallway_of_sentries,
          crystal_vault_5, iron_vault_3, final_vault]

Skill      XL: |  1  2  3  4  5  6  7  8  9 10 11 |
---------------+----------------------------------+-----
Fighting       | 4 5 6 7 9 10 12 13 14 | 14.4
Armour         | 5 6 7 9 11 12 13 14 15 17 | 17.1
Shields        | 4 5 7 8 10 11 12 13 15 16 | 16.4
Axes           | 3 5 6 9 11 13 15 18 19 | 19.8
Dodging        | 1 2 3 4 5 |  5.7
Stealth        | 1 |  1.4

Action                   |  1- 3 |  4- 6 |  7- 9 | 10-12 || total
-------------------------+-------+-------+-------+-------++-------
Melee: Hand axe          |    29 |    35 |     8 |       ||    72
       War axe           |     6 |       |       |       ||     6
       Headbutt          |     5 |     3 |    11 |     7 ||    26
       Broad axe         |       |       |    29 |    82 ||   111
Invok: Berserk           |     1 |     2 |     2 |     6 ||    11
       Trog's Hand       |       |       |       |     1 ||     1
  Use: Potion            |     1 |       |       |     4 ||     5
Armor: Scale mail        |    21 |       |       |       ||    21
       Plate armour      |     6 |    17 |       |       ||    23
       Chain mail        |       |       |    20 |    21 ||    41
Dodge: Dodged            |    13 |     3 |    20 |    29 ||    65
Block: Kite shield       |    21 |    14 |    26 |    32 ||    93

Table legend: (Time is in decaauts)
 A = Elapsed time spent in this place.
 B = Non-inter-level travel time spent in this place.
 C = Inter-level travel time spent in this place.
 D = Time resting spent in this place.
 E = Time spent auto-exploring this place.
 F = Levels seen in this place.
 G = Mean time per level.
                   A        B        C        D        E       F      G
               +--------+--------+--------+--------+--------+-----+--------+
         Total |   3223 |   3223 |      0 |   2610 |     49 |   1 | 3223.0 |
       Dungeon |   3223 |   3223 |      0 |   2610 |     49 |   1 | 3223.0 |
               +--------+--------+--------+--------+--------+-----+--------+

Top non-repeatable levels by time:
       D: 3223 daAuts
